 Dungeon Crawl Stone Soup version 0.27-a0-1219-g958d993ae5 (webtiles) character file.

Game seed: 15877123043568402491

2709 pokeman the Thaumaturge (level 9, -5/49 HPs)
             Began as a Deep Elf Hedge Wizard on June 6, 2021.
             Was an Initiate of Vehumet.
             Slain by a wight
             ... wielding a +0 scimitar
              (13 damage)
             ... on level 8 of the Dungeon.
             The game lasted 00:18:34 (9844 turns).

pokeman the Thaumaturge (Deep Elf Hedge Wizard)     Turns: 9844, Time: 00:18:34

Health: -5/49      AC:  5    Str:  7    XL:     9   Next: 39%
Magic:  26/26      EV: 12    Int: 23    God:    Vehumet [......]
Gold:   208        SH:  0    Dex: 14    Spells: 19/30 levels left

rFire    . . .     SeeInvis .   l - +2 hand axe (venom)
rCold    . . .     Faith    .   (no shield)
rNeg     . . .     Spirit   .   r - +0 leather armour
rPois    .         Reflect  .   c - +0 hat
rElec    .         Harm     .   (no cloak)
rCorr    .         Rampage  .   n - +0 pair of gloves
Will     .....                  m - +0 pair of boots
Stlth    ++........             (no amulet)
HPRegen  0.16/turn              (no ring)
MPRegen  0.20/turn              (no ring)

@: slowed, very slow
A: no striking features
a: Renounce Religion


You were on level 8 of the Dungeon.
You worshipped Vehumet.
Vehumet was noncommittal.
You visited 2 branches of the dungeon, and saw 9 of its levels.
You also visited: Sewer.

You collected 248 gold pieces.
You spent 40 gold pieces at shops.

Inventory:

Hand Weapons
 l - a +2 hand axe of venom (weapon)
Missiles
 i - 71 arrows
 o - 3 throwing nets
 D - a curare-tipped dart
 E - 5 atropa-tipped darts
 F - 68 bolts
Armour
 c - a +0 hat (worn)
 m - a +0 pair of boots (worn)
 n - a +0 pair of gloves (worn)
 r - a +0 leather armour (worn)
Magical Staves
 a - a staff of death
Jewellery
 C - an amulet of faith
Scrolls
 d - 2 scrolls of fog {unknown}
 e - 3 scrolls of amnesia {unknown}
 g - 4 scrolls of fear {unknown}
 h - 4 scrolls of noise {unknown}
 q - a scroll of torment {unknown}
 t - a scroll of vulnerability {unknown}
 u - 4 scrolls of blinking {unknown}
 v - a scroll of enchant armour {unknown}
 w - 9 scrolls of identify {unknown}
 x - a scroll of immolation {unknown}
 y - a scroll of summoning {unknown}
 B - 5 scrolls of teleportation {unknown}
Potions
 b - a potion of brilliance {unknown}
 f - 5 potions of heal wounds {unknown}
 j - a potion of mutation {unknown}
 k - a potion of ambrosia {unknown}
 p - a potion of attraction {unknown}
 s - 2 potions of curing
 z - 3 potions of lignification {unknown}
 A - a potion of resistance {unknown}


   Skills:
 + Level 2.9 Fighting
 - Level 3.0 Armour
 - Level 3.0 Dodging
 - Level 3.2 Stealth
 * Level 11.3 Spellcasting
 + Level 6.3 Conjurations
 - Level 1.1 Summonings
 - Level 1.1 Translocations
 + Level 5.3 Fire Magic
 - Level 1.0 Air Magic
 - Level 1.2 Poison Magic
 - Level 1.0 Evocations


You had 19 spell levels left.
You knew the following spells:

 Your Spells              Type           Power      Damage    Failure   Level
a - Magic Dart            Conj           100%       1d8       1%          1
b - Mephitic Cloud        Conj/Pois/Air  26%        N/A       7%          3
c - Call Imp              Summ           18%        N/A       7%          2
d - Blink                 Tloc           N/A        N/A       7%          2
e - Conjure Flame         Conj/Fire      39%        6-21      1%          3

Your spell library contained the following spells:

 Spells                   Type           Power      Damage    Failure   Level
 Slow                     Hex            13%        N/A       11%         2
 Gell's Gravitas          Tloc           9%         N/A       14%         3
 Confusing Touch          Hex            13%        N/A       22%         3
 Petrify                  Tmut/Erth      13%        N/A       58%         4
 Metabolic Englaciation   Hex/Ice        6%         N/A       90%         5
 Yara's Violent Unravell  Hex/Tmut       6%         3d5       90%         5


Dungeon Overview and Level Annotations

Branches:
Dungeon (7/15)             Temple (1/1) D:7           Sewer (visited)

Altars:
Dithmenos
Fedhas
Gozag
Qazlal
Ru
Trog
Vehumet
Wu Jian
Yredelemnul

Shops:
D:2 (((=!   D:3 :   D:4 (


Message History

The kobold shouts!
A kobold comes into view. It is wielding a +0 short sword.
The kobold shouts!
A kobold comes into view. It is wielding a +0 short sword.
The kobold shouts!
A kobold comes into view. It is wielding a +0 short sword.
The kobold shouts!
Found a ring mail and 9 gold pieces. 4 wights come into view.
The kobold hits you but does no damage.
A sky beast comes into view.
The sky beast moves out of view.
The kobold hits you with a +0 short sword.
The kobold throws a stone.
The stone hits you but does no damage.
The kobold brigand hits you with a +0 dagger.
The kobold brigand throws a curare-tipped dart.
The curare-tipped dart hits you.
You are poisoned.
You have difficulty breathing.
You feel yourself slow down.
Found 14 gold pieces.
Unknown command.
You feel very sick. The wight closely misses you.
You feel very sick. The sky beast closely misses you.
The wight closely misses you.
You feel very sick.
The sky beast hits you but does no damage.
The kobold brigand throws a curare-tipped dart.
The curare-tipped dart closely misses you.
You feel sick. The sky beast closely misses you. The sky beast hits you.
The sky beast shocks you.
* * * LOW HITPOINT WARNING * * *
You feel sick. The wight hits you but does no damage.
You feel sick. The sky beast closely misses you.
You feel sick.
You are no longer poisoned.
The sky beast flickers out of sight!
Deactivating autopickup; reactivate with Ctrl-A.
The wight hits you with a +0 scimitar!
You die...

... .. ..######## ####
#.......# #..#
#.......######..#
..#####.......##...#..#
............K.K.......#
#@zK.K.K##.z....#
#.{.....##zz....#
#.......##......#
#.......##......#
#.......##...[..#
#####.$.##...#.$#
#...###.##... #...#
#...#


You could see a kobold brigand, a wight and 4 kobolds.

Vanquished Creatures
  5 yaks (D:5)
  A sky beast (D:5)
  A necrophage (D:6)
  2 ogres
  A phantom (D:5)
  2 kobold brigands
  A water moccasin zombie (D:6)
  3 bullfrogs
  6 scorpions
  A water moccasin skeleton (D:5)
  A killer bee (D:7)
  A howler monkey (D:6)
  A centaur zombie (D:6)
  2 bullfrog zombies
  A hound (D:4)
  2 bullfrog skeletons
  A gnoll shaman (D:7)
  2 centaur skeletons
  5 iguanas
  An orc wizard (D:7)
  A killer bee zombie (D:7)
  A hound skeleton (D:4)
  3 gnolls (D:7)
  6 adders
  2 ufetubi
  2 worms
  2 dart slugs
  8 orcs
  14 ball pythons
  5 bats (D:2)
  20 endoplasms
  17 giant cockroaches
  5 goblins
  4 hobgoblins
  10 jackals
  14 quokkas
  19 frilled lizards
  15 kobolds
  A rat (D:1)
189 creatures vanquished.

Vanquished Creatures (others)
  16 plants
16 creatures vanquished.

Grand Total: 205 creatures vanquished

Notes
Turn   | Place    | Note
-------+----------+-------------------------------------------
     0 | D:1      | pokeman the Deep Elf Hedge Wizard began the quest for the
                  | Orb.
     0 | D:1      | Reached XP level 1. HP: 10/10 MP: 7/7
    89 | D:1      | Found a faded altar of an unknown god.
   448 | D:1      | Reached XP level 2. HP: 16/16 MP: 7/9
  1039 | D:2      | Reached skill level 5 in Spellcasting
  1359 | D:2      | Reached XP level 3. HP: 11/20 MP: 6/11
  1363 | D:2      | Learned a level 3 spell: Conjure Flame
  1366 | D:2      | Learned a level 2 spell: Call Imp
  1370 | D:2      | Learned a level 3 spell: Mephitic Cloud
  1373 | D:2      | Learned a level 2 spell: Blink
  1570 | D:2      | Found Ehomm's Weapon Boutique.
  1855 | D:2      | Found Pebi's Antique Weapon Shop.
  1869 | D:2      | Reached skill level 1 in Fighting
  1956 | D:2      | Reached skill level 1 in Armour
  1997 | D:2      | Found Netebod's Antique Weapon Shoppe.
  2231 | D:2      | Found Cejej's Jewellery Shop.
  2402 | D:2      | Found Ecuoman's Distillery.
  2411 | D:2      | Bought a potion of curing for 30 gold pieces
  2411 | D:2      | Bought a potion of degeneration for 10 gold pieces
  2548 | D:2      | Reached XP level 4. HP: 25/25 MP: 8/13
  2733 | D:3      | Found a glowing drain.
  2813 | Sewer    | Entered a sewer
  3129 | Sewer    | Reached skill level 1 in Fire Magic
  3530 | Sewer    | Reached skill level 6 in Spellcasting
  3621 | Sewer    | Reached XP level 5. HP: 29/29 MP: 13/15
  4002 | Sewer    | Reached skill level 1 in Air Magic
  4073 | Sewer    | Reached skill level 1 in Poison Magic
  4073 | Sewer    | Reached XP level 6. HP: 32/34 MP: 6/17
  4812 | D:3      | Found Votuma's Book Boutique.
  5246 | D:4      | Found Kevunega's Weapon Shoppe.
  5687 | D:4      | Reached skill level 7 in Spellcasting
  5698 | D:4      | Reached skill level 1 in Evocations
  6123 | D:5      | Entered Level 5 of the Dungeon
  6125 | D:5      | Noticed a sky beast
  6135 | D:5      | Reached XP level 7. HP: 38/39 MP: 14/20
  6147 | D:5      | Reached skill level 8 in Spellcasting
  6658 | D:5      | Reached XP level 8. HP: 39/44 MP: 13/22
  6751 | D:5      | Reached skill level 9 in Spellcasting
  6755 | D:5      | Reached skill level 5 in Conjurations
  6760 | D:5      | Reached skill level 10 in Spellcasting
  7659 | D:6      | Reached XP level 9. HP: 43/48 MP: 18/25
  8404 | D:6      | Reached skill level 5 in Fire Magic
  8918 | D:7      | Reached skill level 11 in Spellcasting
  9443 | D:7      | Found a staircase to the Ecumenical Temple.
  9453 | Temple   | Entered the Ecumenical Temple
  9567 | Temple   | Became a worshipper of Vehumet
  9752 | D:7      | Found a blossoming altar of Fedhas.
  9830 | D:7      | You fall into a shaft and drop 1 floor!
  9844 | D:8      | Slain by a wight

Illustrated notes

Levels and vault maps discovered:
D:1:      tarquinn_simple_flora_water_e, layout_loops_ring,
          basic_ecumenical_altar, kennysheep_boxes
D:2:      minmay_spotlight, layout_rooms, serial_shops, shop_fountains, shop,
          nicolae_shop_overgrown_old_shop, nicolae_shop_overgrown_old_shop,
          nicolae_shop_statue_plus
D:3:      layout_loops_ring, serial_shops, nicolae_shop_behind_doors,
          portal_sewer_entry_f
D:4:      layout_basic, serial_shops, shop
D:5:      layout_loops_ring
D:6:      layout_layer_cave
D:7:      layout_loops_ring, fedhas_altar_decomposition,
          minmay_temple_entry_crystal_x, amcnicky_mini_pool_medium
D:8:      layout_basic, introduction_to_nature_1
Temple:   roderic_octagonal_lattice_temple

Skill      XL: |  1  2  3  4  5  6  7  8  9 |
---------------+----------------------------+-----
Spellcasting   | 5 6 7 8 10 11 | 11.3
Fighting       | 1 2 |  2.9
Armour         | 1 3 |  3.0
Conjurations   | 2 3 4 5 6 |  6.3
Fire Magic     | 1 3 4 5 |  5.3
Dodging        | 3 |  3.0
Air Magic      | 1 |  1.0
Stealth        | 3 |  3.2
Poison Magic   | 1 |  1.2
Evocations     | 1 |  1.0
Summonings     | |  1.1
Translocations | |  1.1

Action                   |  1- 3 |  4- 6 |  7- 9 || total
-------------------------+-------+-------+-------++-------
Melee: Hand axe          |     1 |    36 |    66 ||   103
 Cast: Magic Dart        |   120 |   193 |    79 ||   392
       Mephitic Cloud    |       |     6 |    17 ||    23
       Conjure Flame     |       |     2 |    15 ||    17
 Stab: Sleeping          |       |     2 |       ||     2
       Confused          |       |     2 |    10 ||    12
Armor: Robe              |     4 |       |       ||     4
       Leather armour    |       |    21 |    20 ||    41
Dodge: Dodged            |    25 |    42 |    36 ||   103

Table legend: (Time is in decaauts)
 A = Elapsed time spent in this place.
 B = Non-inter-level travel time spent in this place.
 C = Inter-level travel time spent in this place.
 D = Time resting spent in this place.
 E = Time spent auto-exploring this place.
 F = Levels seen in this place.
 G = Mean time per level.
                   A        B        C        D        E       F      G
               +--------+--------+--------+--------+--------+-----+--------+
         Total |   9947 |   9618 |    329 |    265 |   8177 |  10 |  994.7 |
       Dungeon |   8393 |   8086 |    307 |    265 |   6866 |   8 | 1049.1 |
        Temple |    137 |    115 |     22 |      0 |    109 |   1 |  137.0 |
         Sewer |   1415 |   1415 |      0 |      0 |   1201 |   1 | 1415.0 |
               +--------+--------+--------+--------+--------+-----+--------+

Top non-repeatable levels by time:
     D:2: 1535 daAuts
     D:6: 1508 daAuts
   Sewer: 1415 daAuts
     D:5: 1264 daAuts
     D:4: 1252 daAuts
     D:1: 1103 daAuts
     D:3: 896 daAuts
     D:7: 816 daAuts
  Temple: 137 daAuts
     D:8: 16 daAuts
